 Dungeon Crawl Stone Soup version 0.21-a0-496-g696f58f537 (webtiles) character file.

67 Kaname the Digger (level 4, 24/30 HPs)
             Began as a Demonspawn Earth Elementalist on Nov 24, 2017.
             Quit the game on level 2 of the Dungeon.
             The game lasted 00:03:59 (1459 turns).

Kaname the Digger (Demonspawn Earth Elementalist)   Turns: 1459, Time: 00:03:59

Health: 24/30      AC:  2    Str:  8    XL:     4   Next: 0%
Magic:  3/7        EV: 12    Int: 17    God:
Gold:   37         SH:  0    Dex: 14    Spells: 1/7 levels left

rFire    . . .     SeeInvis .   j - +0 rapier
rCold    . . .     Gourm    .   (no shield)
rNeg     . . .     Faith    .   c - +0 robe
rPois    .         Spirit   .   (no helmet)
rElec    .         Reflect  .   (no cloak)
rCorr    .         Harm     .   (no gloves)
MR       .....                  (no boots)
Stlth    ++........             (no amulet)
HPRegen  0.10/turn              (no ring)
MPRegen  0.10/turn              (no ring)

@: no status effects
A: claws 1, spiny 1
a: no special abilities


You were on level 2 of the Dungeon.
You were not hungry.

You visited 1 branch of the dungeon, and saw 2 of its levels.

You collected 37 gold pieces.

Inventory:

Hand Weapons
 j - a +0 rapier (weapon)
Missiles
 b - 93 stones (quivered)
Armour
 c - a +0 robe (worn)
 g - a +0 helmet
Scrolls
 a - 2 scrolls of identify {unknown}
 h - 5 scrolls of remove curse {unknown}
Potions
 i - a potion of brilliance {unknown}
Books
 e - a book of Geomancy

   Spells                             Type                      Level
   a - Sandblast                      Earth                        1
   b - Passwall                       Transmutation/Earth          2
   c - Stone Arrow                    Conjuration/Earth            3
   d - Petrify                        Transmutation/Earth          4
   e - Lee's Rapid Deconstruction     Earth                        5
Comestibles
 d - 2 bread rations
 f - 2 meat rations
 k - 4 chunks of flesh


   Skills:
 - Level 1.7 Dodging
 - Level 1.7 Stealth
 - Level 2.0 Spellcasting
 - Level 0.8 Transmutations
 + Level 4.4 Earth Magic


You had one spell level left.
You knew the following spells:

 Your Spells              Type           Power        Failure   Level  Hunger
a - Sandblast             Erth           ###...       3%          1    #......
b - Passwall              Tmut/Erth      ##........   10%         2    ###....
c - Stone Arrow           Conj/Erth      #.....       22%         3    ###....


Dungeon Overview and Level Annotations

Branches:
Dungeon (2/15)

Altars:


Innate Abilities, Weirdness & Mutations

You have sharp fingernails.
You are partially covered in sharp spines.


Message History

You see here 5 large rocks.
The helpless worm fails to defend itself.
You puncture the worm!
The worm is heavily wounded.
The worm barely misses you.
Casting: Sandblast
Confirm with . or Enter, or press ? or * to list all spells.
Aiming: Sandblast
Press: ? - help, Shift-Dir - straight line, f - worm
Aim: a worm (moderately wounded)
The blast of sand hits the worm.
You kill the worm!
You have reached level 4!
You feel agile.
You feel monstrous as your demonic heritage exerts itself.
Your demonic ancestry asserts itself...
Your fingernails lengthen.
b - 93 stones Unknown command.
Are you sure you want to abandon this character and quit the game? (Confirm with "yes".)

............>....###.
######.......#.#.## ###
#.......#....# ..#
#.......##.#.### ..#
#.......##..... ..#
#.......##....###.# ..#
#.......##....... ..#
#.......##....# ..#
#.......##.@..#
..####.......##.#.(#
..'..........##.#..##
†.####.......##.#...###
..# #####'####.......#
..# #.######...#.# ..#
#........#...# ..#
##########...# ###
.......#.†#


There were no monsters in sight!

Vanquished Creatures
  Robin (D:2)
  2 worms (D:2)
  2 leopard geckos (D:1)
  2 giant cockroaches
  8 goblins (D:2)
  7 hobgoblins
  9 jackals
  3 bats
  3 frilled lizards
  A kobold (D:2)
  8 rats
46 creatures vanquished.

Notes
Turn   | Place    | Note
-------+----------+-------------------------------------------
     0 | D:1      | Kaname the Demonspawn Earth Elementalist began the quest for the Orb.
     0 | D:1      | Reached XP level 1. HP: 13/13 MP: 3/3
   145 | D:1      | Reached skill level 3 in Earth Magic
   213 | D:1      | Gained mutation: You are partially covered in sharp spines. [demonic ancestry]
   213 | D:1      | Reached XP level 2. HP: 12/19 MP: 1/5
   217 | D:1      | Learned a level 2 spell: Passwall
  1021 | D:2      | Noticed Robin
  1033 | D:2      | Reached XP level 3. HP: 20/24 MP: 3/6
  1060 | D:2      | Reached skill level 4 in Earth Magic
  1069 | D:2      | Killed Robin
  1309 | D:2      | Learned a level 3 spell: Stone Arrow
  1458 | D:2      | Gained mutation: You have sharp fingernails. [demonic ancestry]
  1458 | D:2      | Reached XP level 4. HP: 24/30 MP: 3/7
  1459 | D:2      | Quit the game

Vault maps used:
D:1:      minmay_arrival_open_corners, minmay_heptomino_l4
D:2:      first_bread, grunt_decor_mini_mirrors, uniq_robin

Skill      XL: |  1  2  3 |
---------------+----------+-----
Earth Magic    | 3 4 |  4.4
Dodging        | |  1.7
Stealth        | |  1.7
Spellcasting   | |  2.0
Transmutations | |  0.8

Action                   |  1- 3 |  4- 6 || total
-------------------------+-------+-------++-------
Melee: Hand axe          |    17 |       ||    17
       Rapier            |    19 |       ||    19
 Cast: Sandblast         |    44 |     1 ||    45
 Stab: Sleeping          |     2 |       ||     2
  Eat: Chunk             |     2 |       ||     2
Armor: Robe              |     6 |       ||     6
Dodge: Dodged            |    23 |       ||    23

Table legend:
 A = Spawn XP
 B = Non-spawn XP
 C = Spawn XP percentage of total XP
 D = Spawn monster count
 E = Non-spawn monster count
 F = Spawn count percentage of total count
 G = Total turns spent on level
                    A         B        C        D         E        F      G
               +---------+---------+-------+---------+---------+-------+---------
         Total |       0 |      97 |   0.0 |       0 |      46 |   0.0 |  1459
               +---------+---------+-------+---------+---------+-------+---------
           D:1 |       0 |      31 |   0.0 |       0 |      20 |   0.0 |   843
           D:2 |       0 |      66 |   0.0 |       0 |      26 |   0.0 |   616
               +---------+---------+-------+---------+---------+-------+---------
